 Dungeon Crawl Stone Soup version 0.31-a0-188-g5e087ee2ca (webtiles) character file.

Game seed: 14244554932038762271

1019 qw the Skirmisher (level 8, -1/45 HPs)
             Began as a Deep Elf Hunter on June 22, 2023.
             Slain by a wight
             ... wielding a +3 halberd
              (3 damage)
             ... on level 6 of the Dungeon.
             The game lasted 00:01:34 (3819 turns).

qw the Skirmisher (Deep Elf Hunter)                 Turns: 3819, Time: 00:01:35

Health: -1/45      AC:  8    Str:  9 (10) XL:     8   Next: 2%
Magic:  9/9        EV: 11    Int: 14 (15) God:
Gold:   117        SH:  5    Dex: 18      Spells: 7/7 levels left

rFire   . . .        Y - +2 shortbow (elec)
rCold   . . .        (shield currently unavailable)
rNeg    . . .        f - +1 ring mail
rPois   .            d - +2 hat
rElec   .            (no cloak)
rCorr   .            (no gloves)
SInv    .            (no boots)
Will    .....        b - amulet of reflection
Stlth   +            (no ring)
HPRegen 0.27/turn    (no ring)
MPRegen 0.11/turn

%: reflection
@: about to teleport
A: claws 1, hooves 1, deterioration 1, low MP 1
a: no special abilities


You were on level 6 of the Dungeon.
You visited 1 branch of the dungeon, and saw 6 of its levels.

You collected 215 gold pieces.
You spent 98 gold pieces at shops.


Innate Abilities, Weirdness & Mutations

You have sharp fingernails.
You have large cloven feet.
Your body sometimes deteriorates upon taking damage.
Your magical capacity is low. (-10% MP)


   Skills:
 + Level 2.5 Fighting
 - Level 12.0 Ranged Weapons
 - Level 1.8 Armour
 - Level 3.3 Dodging
 - Level 1.2 Stealth


You had 7 spell levels left.
You didn't know any spells.
Your spell library was empty.

Inventory:

Hand Weapons
 Y - a +2 shortbow of electrocution (weapon)
Armour
 d - a +2 hat (worn)
 f - a +1 ring mail (worn)
Jewellery
 b - an amulet of reflection (around neck)
Scrolls
 a - 3 scrolls of identify
Potions
 c - a potion of haste
 h - a potion of mutation
 k - a potion of curing

Dungeon Overview and Level Annotations

Branches:
Dungeon (6/15)
 Temple: D:4-7

Altars:

Shops:
D:3 ?   D:4 :


Message History

The wight is lightly damaged.
You shoot an arrow. The arrow closely misses the wight.
The arrow barely misses the wight.
You shoot an arrow.
The arrow hits the wight but does no damage.
The wight is lightly damaged.
The wight closely misses you. The wight hits you with a +3 hand axe.
You shoot an arrow.
The arrow hits the wight but does no damage.
The wight is lightly damaged.
The wight hits you from afar with a +3 halberd.
The wight hits you with a +3 hand axe.
You shoot an arrow.
The arrow hits the wight but does no damage.
The wight is lightly damaged.
The wight hits you from afar with a +3 halberd.
The wight hits you but does no damage.
You shoot an arrow. The arrow hits the wight.
The wight is moderately damaged.
The wight hits you from afar with a +3 halberd!
Your body deteriorates!
You feel dopey. The wight hits you with a +3 hand axe!
Your body deteriorates!
You feel weakened. The wight barely misses you.
3816 ||| READING scroll of teleportation.
As you read the scroll of teleportation, it crumbles to dust.
You feel strangely unstable.
The wight hits you from afar with a +3 halberd.
The wight closely misses you. The wight misses you.
You shoot an arrow. The arrow hits the wight.
The wight is heavily damaged.
The wight hits you from afar with a +3 halberd.
The wight hits you but does no damage. x2
You shoot an arrow. The arrow hits the wight.
The wight is heavily damaged.
The wight closely misses you. The wight barely misses you.
The wight closely misses you.
You shoot an arrow. The arrow closely misses the wight.
The wight hits you from afar with a +3 halberd.
You die...

#...)<.....##
##........##
#......###
##...###
##...##
##...## #.
###..## #)..
##.z##.....
###@.z.....
#..z.......
#....[.....
#..........
#..........
#..........
#..........
#..........
#.........


You could see 3 wights.

Vanquished Creatures
  A water moccasin (D:5)
  2 ice beasts
  A phantom (D:4)
  A scorpion (D:4)
  A wight (D:6)
  3 howler monkeys (D:5)
  2 hounds (D:5)
  A jelly (D:5)
  An orc priest (D:4)
  Jessica (D:2)
  3 orc wizards
  3 iguanas (D:5)
  3 adders
  A shadow imp (D:6)
  4 worms
  A dart slug (D:5)
  9 orcs
  5 bats
  5 endoplasms
  7 giant cockroaches
  5 goblins
  6 hobgoblins
  4 kobolds
  4 quokkas
  7 ball pythons
  6 frilled lizards
  4 rats
91 creatures vanquished.

Notes
Turn   | Place    | Note
-------+----------+-------------------------------------------
     0 | D:1      | qw the Deep Elf Hunter began the quest for the Orb.
     0 | D:1      | Reached XP level 1. HP: 12/12 MP: 3/3
     0 | D:1      | 0 ||| qw: Version: 0.3-a-9-g12657ce
     0 | D:1      | 0 ||| qw: Game counter: 2743
     0 | D:1      | 0 ||| qw: Always use a shield: true
     0 | D:1      | 0 ||| qw: God list: Okawaru
     0 | D:1      | 0 ||| qw: Allow faded altars: false
     0 | D:1      | 0 ||| qw: Do Orc after D:15 true
     0 | D:1      | 0 ||| qw: Do second Lair branch before Depths: true
     0 | D:1      | 0 ||| qw: Lair rune preference: random
     0 | D:1      | 0 ||| qw: Plans: Normal
     0 | D:1      | 0 ||| PLANNING D:1-11
   144 | D:1      | Reached XP level 2. HP: 16/16 MP: 4/4
   182 | D:1      | Reached skill level 6 in Ranged Weapons
   640 | D:1      | 640 ||| UPGRADING to +0 ring mail.
   650 | D:1      | 650 ||| DROPPING +0 leather armour.
   651 | D:1      | 651 ||| READING scroll labelled ZACOHUR CAYCA.
   652 | D:1      | 652 ||| READING scroll labelled ZIJEOGR BIUTH.
   653 | D:1      | 653 ||| READING scroll labelled JEGUSEAVYR.
   654 | D:1      | 654 ||| READING scroll labelled DEROUSM FILO.
   655 | D:1      | 655 ||| DRINKING 2 murky yellow potions.
   656 | D:1      | 656 ||| DRINKING 2 metallic golden potions.
   761 | D:1      | 761 ||| DROPPING scroll of butterflies.
   762 | D:1      | 762 ||| DROPPING potion of attraction.
   763 | D:1      | 763 ||| DROPPING potion of berserk rage.
   798 | D:2      | Reached XP level 3. HP: 20/20 MP: 5/5
   812 | D:2      | Noticed Jessica
   824 | D:2      | Killed Jessica
   825 | D:2      | Reached skill level 7 in Ranged Weapons
  1067 | D:2      | Reached XP level 4. HP: 25/25 MP: 6/6
  1595 | D:2      | 1595 ||| READING 2 scrolls labelled QUIWUISERE.
  1596 | D:2      | 1596 ||| READING scroll of enchant weapon.
  1596 | D:2      | 1596 ||| ENCHANTING +1 shortbow.
  1597 | D:2      | 1597 ||| READING scroll labelled NUGOFF JELIAS.
  1655 | D:3      | Identified the +2 hand axe "Ocwefecu" {antimagic, +Blink
                  | rF+ Str+3}
  1755 | D:3      | Found Fualott's Magic Scroll Shoppe.
  1762 | D:3      | 1762 ||| BUYING scroll of identify (28 gold).
  1762 | D:3      | Bought a scroll of identify for 28 gold pieces
  1762 | D:3      | 1762 ||| BUYING scroll of identify (28 gold).
  1762 | D:3      | Bought a scroll of identify for 28 gold pieces
  1762 | D:3      | 1762 ||| BUYING scroll of teleportation (42 gold).
  1762 | D:3      | Bought a scroll of teleportation for 42 gold pieces
  2226 | D:3      | 2226 ||| UPGRADING to +2 hat.
  2231 | D:3      | 2231 ||| DRINKING 2 white potions.
  2232 | D:3      | 2232 ||| READING 3 scrolls of identify.
  2232 | D:3      | 2232 ||| IDENTIFYING smoky clear potion
  2233 | D:3      | 2233 ||| READING 2 scrolls of identify.
  2233 | D:3      | 2233 ||| IDENTIFYING silvery potion
  2234 | D:3      | 2234 ||| DROPPING potion of degeneration.
  2235 | D:3      | 2235 ||| DROPPING potion of brilliance.
  2283 | D:4      | Noticed a scorpion
  2287 | D:4      | Killed a scorpion
  2288 | D:4      | Reached skill level 8 in Ranged Weapons
  2288 | D:4      | Reached XP level 5. HP: 22/29 MP: 7/7
  2363 | D:4      | Found Itwurchog's Book Shop.
  2409 | D:4      | 2409 ||| Stepping ~*~*~tactically~*~*~ (outnumbered).
  2414 | D:4      | 2414 ||| Stepping ~*~*~tactically~*~*~ (outnumbered).
  2428 | D:4      | HP: 7/29 [orc priest/divine providence (12)]
  2429 | D:4      | 2429 ||| READING scroll of teleportation.
  2430 | D:4      | 2430 ||| DRINKING potion of heal wounds.
  2432 | D:4      | 2432 ||| FLEEEEING.
  2520 | D:4      | Reached skill level 9 in Ranged Weapons
  2591 | D:4      | Found the +10 tower shield of Ignorance {rN+ Int-4}
  2644 | D:4      | 2644 ||| UPGRADING to amulet of reflection.
  2679 | D:4      | 2679 ||| READING scroll labelled JAASHOZIJO.
  2680 | D:4      | 2680 ||| READING scroll labelled LISMEW EGOURPHEKH.
  2682 | D:4      | 2682 ||| DRINKING 2 bubbling black potions.
  2682 | D:4      | Gained mutation: You have large cloven feet. [potion of
                  | mutation]
  2682 | D:4      | Gained mutation: Your body sometimes deteriorates upon
                  | taking damage. [potion of mutation]
  2682 | D:4      | Gained mutation: Your magical capacity is low. (-10% MP)
                  | [potion of mutation]
  2682 | D:4      | Gained mutation: You have sharp fingernails. [potion of
                  | mutation]
  2683 | D:4      | 2683 ||| READING 4 scrolls of identify.
  2683 | D:4      | 2683 ||| IDENTIFYING cyan potion
  2825 | D:5      | Entered Level 5 of the Dungeon
  2855 | D:5      | Reached XP level 6. HP: 31/35 MP: 7/7
  2862 | D:5      | 2862 ||| FLEEEEING.
  2863 | D:5      | 2863 ||| STAIRDANCE
  2875 | D:4      | Reached skill level 10 in Ranged Weapons
  2982 | D:5      | Reached skill level 3 in Dodging
  2990 | D:5      | 2990 ||| READING scroll of enchant armour.
  2990 | D:5      | 2990 ||| ENCHANTING +0 ring mail.
  3046 | D:5      | Noticed an ice beast
  3051 | D:5      | Killed an ice beast
  3052 | D:5      | Reached XP level 7. HP: 23/40 MP: 8/8
  3161 | D:5      | Reached skill level 11 in Ranged Weapons
  3432 | D:5      | Found the +7 Throatcutter {drain, coup de grace}
  3669 | D:5      | 3669 ||| DRINKING 2 murky green potions.
  3706 | D:6      | 3706 ||| FLEEEEING.
  3707 | D:6      | 3707 ||| FLEEEEING.
  3708 | D:6      | 3708 ||| FLEEEEING.
  3709 | D:6      | 3709 ||| FLEEEEING.
  3714 | D:6      | 3714 ||| FLEEEEING.
  3715 | D:6      | 3715 ||| FLEEEEING.
  3716 | D:6      | 3716 ||| FLEEEEING.
  3717 | D:6      | 3717 ||| STAIRDANCE
  3770 | D:5      | 3770 ||| READING scroll labelled QUAPIDWAFE.
  3777 | D:6      | Reached skill level 12 in Ranged Weapons
  3802 | D:6      | Reached skill level 1 in Armour
  3803 | D:6      | Reached XP level 8. HP: 45/45 MP: 9/9
  3815 | D:6      | HP: 10/45 [wight/+3 hand axe (10)]
  3816 | D:6      | 3816 ||| READING scroll of teleportation.
  3817 | D:6      | HP: 1/45 [wight/+3 halberd (5)]
  3819 | D:6      | Slain by a wight

Levels and vault maps discovered:
D:1:      dpeg_arrival_tiny_f, layout_basic, dk_noncrumbling_3
D:2:      layout_loops_corners, uniq_jessica
D:3:      layout_basic, serial_shops, nicolae_shop_trees
D:4:      cheibrodos_pilgrimage, layout_rooms, serial_shops,
          nicolae_shop_tiny_real_fake_doors
D:5:      layout_basic, minmay_misc_feat_five
D:6:      hangedman_cross_stitches, layout_cave_pods, minmay_temple_entry_ruins,
          uniq_crazy_yiuf_cottage, uniq_duvessa

Skill      XL: |  1  2  3  4  5  6  7 |
---------------+----------------------+-----
Ranged Weapons | 6 7 8 9 10 12 | 12.0
Fighting       | 2 |  2.5
Dodging        | 3 |  3.3
Armour         | 1 |  1.8
Stealth        | |  1.2

Action                     |  1- 3 |  4- 6 |  7- 9 || total
---------------------------+-------+-------+-------++-------
   Fire: Shortbow          |    94 |   138 |    85 ||   317
    Use: Scroll            |     4 |    10 |     2 ||    16
         Potion            |     2 |     3 |     1 ||     6
 Armour: Leather armour    |     5 |       |       ||     5
         Ring mail         |     5 |    22 |    10 ||    37
  Dodge: Dodged            |    11 |    22 |    19 ||    52
  Block: Other             |       |     4 |     3 ||     7

Table legend:
 A = Non-vault XP
 B = Vault XP
 C = Vault XP percentage of total XP
 D = Non-vault monster count
 E = Vault monster count
 F = Vault count percentage of total count
                 A         B        C        D         E       F
            +---------+---------+-------+---------+---------+-------
      Total |    1302 |     155 |  10.6 |      86 |       5 |   5.5
            +---------+---------+-------+---------+---------+-------
        D:1 |      39 |       0 |   0.0 |      24 |       0 |   0.0
        D:2 |      42 |      37 |  46.8 |      19 |       1 |   5.0
        D:3 |      10 |       0 |   0.0 |       6 |       0 |   0.0
        D:4 |     214 |     118 |  35.5 |      15 |       4 |  21.1
        D:5 |     726 |       0 |   0.0 |      15 |       0 |   0.0
        D:6 |     271 |       0 |   0.0 |       7 |       0 |   0.0
            +---------+---------+-------+---------+---------+-------
